 Dungeon Crawl Stone Soup version 0.30-a0-879-ga8ba668304 (webtiles) character file.

Game seed: 5003708583216936930

16988 Lavandula the Stormcaller (level 12, -2/84 HPs)
             Began as a Human Air Elementalist on Mar 13, 2023.
             Was an Elder of Vehumet.
             Slain by a skyshark (5 damage)
             ... on level 2 of the Lair of Beasts.
             The game lasted 00:31:01 (13079 turns).

Lavandula the Stormcaller (Human Air Elementalist) Turns: 13079, Time: 00:31:02

Health: -2/84      AC: 12    Str: 11    XL:     12   Next: 77%
Magic:  6/21       EV: 16    Int: 21    God:    Vehumet [****..]
Gold:   516        SH:  3    Dex: 13    Spells: 7/23 levels left

rFire   . . .      SeeInvis .    e - +1 dagger (venom)
rCold   . . .      Faith    .    J - +0 buckler
rNeg    + . .      Spirit   .    D - +0 steam dragon scales
rPois   .          Reflect  .    k - +1 helmet of the Sun {rN+ Str+2}
rElec   .          Rampage  .    w - +0 cloak
rCorr   .                        U - +1 pair of gloves
Will    +....                    F - +1 pair of boots
Stlth   ++                       I - amulet of Oclac {RegenMP Will+}
HPRegen 0.34/turn                v - ring of wizardry
MPRegen 0.57/turn                u - +5 ring of evasion

@: swift, very quick
A: no striking features
a: Renounce Religion


You were on level 2 of the Lair of Beasts.
You worshipped Vehumet.
Vehumet was greatly pleased with you.
You visited 3 branches of the dungeon, and saw 13 of its levels.

You collected 516 gold pieces.

Inventory:

Hand Weapons
 e - a +1 dagger of venom (weapon)
 G - a +3 dagger of freezing
 S - a +2 vampiric dagger
Missiles
 B - 2 throwing nets
Armour
 h - a +2 leather armour of willpower
 k - the +1 helmet of the Sun (worn) {rN+ Str+2}
   (You acquired it on level 6 of the Dungeon)

   Str:       It affects your strength (+2).
   rN:        It protects you from negative energy.
 w - a +0 cloak (worn)
 D - +0 steam dragon scales (worn)
 F - a +1 pair of boots (worn)
 J - a +0 buckler (worn)
 U - a +1 pair of gloves (worn)
Jewellery
 o - the ring "Jodet" {rElec rF- EV+5 Dex+4}
   (You found it on level 3 of the Dungeon)

   [ring of evasion]

   EV:        It affects your evasion (+5).
   Dex:       It affects your dexterity (+4).
   rF:        It makes you vulnerable to fire.
   rElec:     It insulates you from electricity.
 p - a ring of protection from cold
 u - a +5 ring of evasion (right hand)
 v - a ring of wizardry (left hand)
 I - the amulet of Oclac (around neck) {RegenMP Will+}
   (You acquired it on level 9 of the Dungeon)

   [amulet of magic regeneration]

   It increases your rate of magic regeneration.
   Will:      It increases your willpower.
 L - a ring of willpower
 O - a ring of flight
 Q - the ring of the Present {rPois rF- rCorr MP+9 Dex+3}
   (You found it on level 1 of the Lair of Beasts)

   [ring of magical power]

   Dex:       It affects your dexterity (+3).
   rF:        It makes you vulnerable to fire.
   rPois:     It protects you from poison.
   MP:        It affects your magic capacity (+9).
   rCorr:     It protects you from acid and corrosion.
Wands
 n - a wand of polymorph (12)
 C - a wand of acid (2)
 K - a wand of roots (17)
 N - a wand of paralysis (2)
 T - a wand of flame (15)
Scrolls
 c - 3 scrolls of amnesia {unknown}
 d - 4 scrolls of teleportation
 g - 3 scrolls of brand weapon {unknown}
 i - 2 scrolls of enchant weapon {unknown}
 m - 4 scrolls of poison
 q - a scroll of fear
 s - 2 scrolls of immolation {unknown}
 x - a scroll of fog
 y - 3 scrolls of magic mapping {unknown}
 H - a scroll of torment {unknown}
 M - a scroll of blinking {unknown}
Potions
 a - 3 potions of curing
 b - a potion of magic
 f - 6 potions of might
 j - a potion of degeneration {unknown}
 l - 2 potions of invisibility
 r - 2 potions of berserk rage
 t - 3 potions of haste
 A - 3 potions of brilliance
 E - 3 potions of flight {unknown}
 P - a potion of mutation {unknown}
Miscellaneous
 R - a lightning rod (4/4)


   Skills:
 - Level 4.5 Fighting
 - Level 7.2 Short Blades
 - Level 2.0 Dodging
 - Level 2.0 Stealth
 - Level 6.3 Spellcasting
 - Level 1.0 Conjurations
 + Level 16.0 Air Magic
 - Level 5.2 Evocations


You had 7 spell levels left.
You knew the following spells:

 Your Spells              Type           Power      Damage    Failure   Level
a - Shock                 Conj/Air       100%       1d9       1%          1
b - Static Discharge      Conj/Air       84%        2-6/arc   1%          2
c - Airstrike             Air            32%        2d(5-21)  1%          4
d - Swiftness             Air            65%        N/A       1%          3
e - Conjure Ball Lightni  Conj/Air       21%        3x3d6     7%          6

Your spell library contained the following spells:

 Spells                   Type           Power      Damage    Failure   Level
 Kindle Blastsparks       Fire/Tloc/Air  58%        2d14      1%          3
 Inner Flame              Hex/Fire       6%         N/A       4%          3
 Iskenderun's Battlesphe  Conj           10%        2d6       24%         5
 Fireball                 Conj/Fire      4%         3d4       28%         5
 Cause Fear               Hex            3%         N/A       43%         4
 Orb of Destruction       Conj           5%         9d5       99%         7
 Discord                  Hex            3%         N/A       100%        8


Dungeon Overview and Level Annotations

Branches:
Dungeon (10/15)            Temple (1/1) D:4            Lair (2/5) D:8
 Spider (0/4) Lair:2
  Swamp: Lair:2-3    Shoals: Lair:2-3       Orc: D:9-12

Altars:
Ashenzari
Cheibriados
Elyvilon
Fedhas
Gozag
Makhleb
Nemelex Xobeh
Okawaru
Ru
Sif Muna
Trog
Uskayaw
Vehumet
Xom
Yredelemnul
Zin

Shops:
D:3 =

Annotations:
D:2 exclusion: adder
D:3 Grinder
D:5 Dowan, Duvessa
D:8 Joseph


Message History

The skyshark is heavily wounded.
The skyshark bites you.
The skyshark enters a blood-rage!
The skyshark tail-slaps you but does no damage.
You block the skyshark's attack.
Okay, then.
Unknown command.
Okay, then.
Unknown command.
Okay, then.
Unknown command.
Okay, then.
Unknown command.
Okay, then.
As you read the scroll of fear, it crumbles to dust.
You assume a fearsome visage.
The skyshark is unaffected.
The elephant looks frightened!
The skyshark bites you!! The skyshark closely misses you.
The skyshark tail-slaps you.
Unknown command.
Okay, then.
Unknown command.
Unknown command.
Casting: Airstrike (safe; 1% risk of failure)
Confirm with . or Enter, or press ? or * to list all spells.
You feel quick. The skyshark bites you!!
* * * LOW HITPOINT WARNING * * *
The skyshark tail-slaps you but does no damage.
The skyshark barely misses you. The skyshark closely misses you. x3
Unknown command.
The skyshark attacks as you move away! The skyshark bites you!
* * * LOW HITPOINT WARNING * * *
The skyshark closely misses you. The skyshark tail-slaps you.
* * * LOW HITPOINT WARNING * * *
Unknown command.
You feel much better. The skyshark barely misses you. The skyshark misses you.
The skyshark tail-slaps you!
* * * LOW HITPOINT WARNING * * *
The skyshark bites you!
* * * LOW HITPOINT WARNING * * *
The skyshark completely misses you. The skyshark tail-slaps you.
You die...

#........# ###.......#
#.#.......# #....###### #####
###### ### ##....#
###P..###P.#.###.###.....###
...........................#
............................#
..<.............@l.........##
.##..##.####.#####P.#P.#####
####### ### #######


You could see a skyshark (berserk, poisoned).

Vanquished Creatures
  A boulder beetle (Lair:1)
  Pikel (D:8)
  A black mamba (Lair:1)
  2 elephants (Lair:2)
  6 cane toads
  A rime drake (Lair:1)
  A komodo dragon (Lair:1)
  A polar bear (Lair:1)
  A hornet (D:6)
  9 blink frogs
  A shadow (D:9)
  31 yaks
  2 wyverns
  2 humans (D:9)
  5 steam dragons
  A redback (Lair:2)
  3 wargs (D:8)
  Edmund (D:5)
  5 water moccasins
  An ice beast (D:6)
  2 black bears
  2 orc warriors (D:9)
  3 ogres
  2 centaurs
  A lemure (D:8)
  2 phantoms
  2 kobold brigands
  4 bullfrogs
  A scorpion (D:6)
  A gnoll sergeant (D:7)
  9 wights
  11 killer bees
  2 electric eels (Lair:1)
  5 howler monkeys
  3 hounds
  2 jellies
  7 orc priests
  6 iguanas
  10 orc wizards
  An ogre zombie (D:10)
  9 gnolls
  4 adders
  An ufetubus (D:5)
  2 worms
  3 dart slugs
  41 orcs
  3 endoplasms
  3 giant cockroaches
  5 goblins
  3 hobgoblins
  7 quokkas
  5 ball pythons
  4 bats
  5 frilled lizards
  A goblin zombie (D:10)
  2 hobgoblin zombies (D:10)
  16 kobolds
  An orc zombie (D:10)
  11 rats
278 creatures vanquished.

Vanquished Creatures (others)
  2 kobolds (D:7)
  27 ball lightnings
  12 fungi
  13 plants
54 creatures vanquished.

Grand Total: 332 creatures vanquished

Notes
Turn   | Place    | Note
-------+----------+-------------------------------------------
     0 | D:1      | Lavandula the Human Air Elementalist began the quest for
                  | the Orb.
     0 | D:1      | Reached XP level 1. HP: 13/13 MP: 3/3
   315 | D:1      | Reached XP level 2. HP: 19/19 MP: 0/5
   402 | D:1      | Learned a level 2 spell: Static Discharge
   987 | D:1      | Reached skill level 4 in Air Magic
   987 | D:1      | Reached XP level 3. HP: 24/24 MP: 4/6
  1644 | D:2      | Reached XP level 4. HP: 30/30 MP: 0/7
  1649 | D:2      | Learned a level 4 spell: Airstrike
  2150 | D:3      | Identified the ring "Jodet" {rElec rF- EV+5 Dex+4}
  2316 | D:3      | Noticed Grinder
  2383 | D:3      | Reached skill level 5 in Air Magic
  2507 | D:3      | Reached XP level 5. HP: 31/35 MP: 2/8
  2854 | D:3      | Found a glowing silver altar of Zin.
  2901 | D:3      | Reached skill level 6 in Air Magic
  3000 | D:3      | Found a shimmering altar of Xom.
  3001 | D:3      | Found a shimmering blue altar of Sif Muna.
  3102 | D:3      | Found Bybban's One-of-a-Kind Rings.
  3221 | D:3      | Found a faded altar of an unknown god.
  3683 | D:4      | Found a staircase to the Ecumenical Temple.
  3694 | D:4      | Reached XP level 6. HP: 41/41 MP: 6/9
  3701 | Temple   | Entered the Ecumenical Temple
  3725 | Temple   | Became a worshipper of Vehumet
  3955 | D:4      | Noticed a black bear
  4098 | D:4      | Reached XP level 7. HP: 46/46 MP: 7/13
  4218 | D:4      | Identified the +10 dagger of Earthquakes {heavy, *Rage rC+
                  | Will+++ Stlth+}
  4521 | D:5      | Entered Level 5 of the Dungeon
  4521 | D:5      | Noticed a yak
  4521 | D:5      | Noticed a yak
  4521 | D:5      | Noticed a yak
  4530 | D:4      | Killed a yak
  4531 | D:4      | Reached skill level 5 in Spellcasting
  4601 | D:4      | Learned a level 3 spell: Swiftness
  4703 | D:5      | Reached XP level 8. HP: 52/52 MP: 2/17
  4710 | D:5      | Learned a level 6 spell: Conjure Ball Lightning
  5055 | D:5      | Reached skill level 7 in Air Magic
  5254 | D:5      | Killed a yak
  5344 | D:5      | Noticed Duvessa
  5344 | D:5      | Noticed Dowan
  5511 | D:5      | Noticed Edmund
  5527 | D:5      | Killed Edmund
  5528 | D:5      | Reached skill level 8 in Air Magic
  5675 | D:5      | Killed a yak
  5676 | D:5      | Reached XP level 9. HP: 57/57 MP: 7/18
  5773 | D:5      | Reached * piety under Vehumet
  5773 | D:5      | Offered knowledge of Sandblast by Vehumet.
  6021 | D:6      | Reached skill level 9 in Air Magic
  6213 | D:6      | Reached skill level 10 in Air Magic
  6493 | D:6      | Identified a scroll of acquirement
  6495 | D:6      | Acquired the +1 helmet of the Sun {rN+ Str+2}
  6519 | D:6      | Noticed a hornet
  6521 | D:6      | Killed a hornet
  6828 | D:7      | Reached skill level 11 in Air Magic
  6843 | D:7      | Reached ** piety under Vehumet
  6843 | D:7      | Offered knowledge of Freeze by Vehumet.
  6844 | D:7      | Reached XP level 10. HP: 31/63 MP: 9/19
  6864 | D:7      | Reached skill level 1 in Short Blades
  7794 | D:8      | Reached skill level 5 in Short Blades
  8361 | D:8      | Found a staircase to the Lair.
  8364 | D:8      | Reached skill level 1 in Fighting
  8621 | D:8      | Noticed Joseph
  8766 | D:8      | Offered knowledge of Hailstorm by Vehumet.
  9131 | D:8      | Noticed Pikel
  9144 | D:8      | Killed Pikel
  9145 | D:8      | Reached XP level 11. HP: 77/77 MP: 7/20
  9622 | D:9      | Acquired the amulet of Oclac {RegenMP Will+}
  9700 | D:9      | Reached skill level 1 in Evocations
 10041 | D:9      | Found an iron altar of Okawaru.
 10191 | D:9      | Found a faded altar of an unknown god.
 10191 | D:9      | Found an opulent altar of Gozag.
 10210 | D:9      | Found a basalt altar of Yredelemnul.
 10235 | D:9      | Found a blossoming altar of Fedhas.
 10237 | D:9      | Found a faded altar of an unknown god.
 10275 | D:9      | Reached *** piety under Vehumet
 10285 | D:9      | Reached skill level 5 in Evocations
 10664 | D:10     | Entered Level 10 of the Dungeon
 10882 | D:10     | Offered knowledge of Flame Wave by Vehumet.
 10974 | D:10     | Reached skill level 12 in Air Magic
 11142 | Lair:1   | Entered Level 1 of the Lair of Beasts
 11328 | Lair:1   | Reached skill level 13 in Air Magic
 11776 | Lair:1   | Noticed a boulder beetle
 11803 | Lair:1   | Killed a boulder beetle
 11804 | Lair:1   | Reached XP level 12. HP: 62/84 MP: 15/21
 12017 | Lair:1   | Reached skill level 14 in Air Magic
 12123 | Lair:1   | Reached **** piety under Vehumet
 12445 | Lair:1   | Reached skill level 15 in Air Magic
 12474 | Lair:1   | Identified the ring of the Present {rPois rF- rCorr MP+9
                  | Dex+3}
 12511 | Lair:1   | Offered knowledge of Kindle Blastsparks by Vehumet.
 12984 | Lair:2   | Found a hole to the Spider Nest.
 13058 | Lair:2   | Reached skill level 16 in Air Magic
 13058 | Lair:2   | Noticed a skyshark
 13078 | Lair:2   | HP: 3/84 [skyshark (11)]
 13079 | Lair:2   | Slain by a skyshark

Illustrated notes

Levels and vault maps discovered:
D:1:      mrwooster_arrival_arrow, layout_basic, minmay_rat_gold_closets
D:2:      layout_rooms, minivault_14, minmay_misc_feat_rugged,
          minmay_diced_spiral
D:3:      minmay_bubble_buster, layout_basic, minitemple,
          ebering_ecumenical_altar_hall, nicolae_shop_unique_rings, uniq_grinder
D:4:      layout_cave_pools, minmay_temple_entry_trees
D:5:      layout_rooms, uniq_duvessa, uniq_edmund
D:6:      cheibrodos_steamvent, layout_cave_pools
D:7:      layout_cave_pools, hellmonk_bongcloud_opening
D:8:      layout_layer_cave, erik_lair_orcish_takeover, uniq_joseph, uniq_pikel
D:9:      layout_long_grid, okawaru_humans, chequers_temple_overflow_minitemple,
          due_unseen_surprise
D:10:     layout_roguey, mainiacjoe_overflow_24_doors, zombieorc2_lemuel,
          special_room [special_room_kobold]
Temple:   nicolae_temple_ecumenical_triangle
Lair:1:   layout_roguey, infiniplex_staircase_pool, serial_bayou_shore_b,
          grunt_megastairs_4
Lair:2:   layout_cellular_growth, spider_nest_entry_webs,
          small_statue_intersection, serial_bayou_shore_b

Skill      XL: |  1  2  3  4  5  6  7  8  9 10 11 12 |
---------------+-------------------------------------+-----
Air Magic      | 4 5 6 8 11 13 16 | 16.0
Spellcasting   | 4 6 |  6.3
Short Blades   | 7 |  7.2
Fighting       | 4 |  4.5
Evocations     | 5 |  5.2
Dodging        | |  2.0
Stealth        | |  2.0
Conjurations   | |  1.0

Action                     |  1- 3 |  4- 6 |  7- 9 | 10-12 || total
---------------------------+-------+-------+-------+-------++-------
  Melee: Dagger            |    21 |    17 |    25 |   101 ||   164
   Cast: Shock             |    74 |    85 |    51 |   128 ||   338
         Airstrike         |       |     6 |    48 |   149 ||   203
         Static Discharge  |       |       |     5 |    52 ||    57
         Conjure Ball Ligh |       |       |       |    11 ||    11
         Swiftness         |       |       |       |     1 ||     1
  Evoke: Wand              |       |       |     3 |       ||     3
    Use: Potion            |     1 |       |     1 |     3 ||     5
         Scroll            |       |     1 |    11 |     4 ||    16
   Stab: Invisible         |       |       |       |     2 ||     2
 Armour: Robe              |     3 |       |       |       ||     3
         Leather armour    |     5 |     5 |     7 |       ||    17
         Steam dragon scal |       |       |     2 |    27 ||    29
  Dodge: Dodged            |    27 |    21 |    36 |   150 ||   234
  Block: Buckler           |       |       |       |    23 ||    23

Table legend: (Time is in decaauts)
 A = Elapsed time spent in this place.
 B = Non-inter-level travel time spent in this place.
 C = Inter-level travel time spent in this place.
 D = Time resting spent in this place.
 E = Time spent auto-exploring this place.
 F = Levels seen in this place.
 G = Mean time per level.
                   A        B        C        D        E       F      G
               +--------+--------+--------+--------+--------+-----+--------+
         Total |  13032 |  12548 |    484 |   3528 |   7228 |  13 | 1002.5 |
       Dungeon |  11073 |  10621 |    452 |   2757 |   6483 |  10 | 1107.3 |
        Temple |     31 |     24 |      7 |      0 |     17 |   1 |   31.0 |
          Lair |   1926 |   1901 |     25 |    771 |    728 |   2 |  963.0 |
               +--------+--------+--------+--------+--------+-----+--------+

Top non-repeatable levels by time:
     D:8: 2126 daAuts
  Lair:1: 1760 daAuts
     D:3: 1353 daAuts
     D:4: 1233 daAuts
     D:5: 1150 daAuts
     D:9: 1136 daAuts
     D:2: 1131 daAuts
     D:1: 1056 daAuts
     D:6: 1018 daAuts
     D:7: 550 daAuts
    D:10: 316 daAuts
  Lair:2: 166 daAuts
  Temple: 31 daAuts
